 Dungeon Crawl Stone Soup version 0.29-a0-330-g52719c12eb (webtiles) character file.

Game seed: 9315813621436239725

77 kae the Firebug (level 3, -5/26 HPs)
             Began as a Demigod Fire Elementalist on May 20, 2022.
             Slain by an ogre
             ... wielding a +0 giant spiked club
              (19 damage)
             ... on level 3 of the Dungeon.
             The game lasted 00:01:38 (2781 turns).

kae the Firebug (Demigod Fire Elementalist)         Turns: 2781, Time: 00:01:39

Health: -5/26      AC:  3    Str:  9    XL:     3   Next: 92%
Magic:  3/9        EV: 12    Int: 21    God:
Gold:   181        SH:  5    Dex: 14    Spells: 3/6 levels left

rFire   . . .      SeeInvis .   c - +0 short sword
rCold   . . .      Faith    .   (no shield)
rNeg    . . .      Spirit   .   a - +1 robe
rPois   .          Reflect  +   (no helmet)
rElec   .          Harm     .   (no cloak)
rCorr   .          Rampage  .   (no gloves)
Will    .....                   (no boots)
Stlth   ++........              m - amulet of reflection
HPRegen 0.08/turn               (no ring)
MPRegen 0.11/turn               (no ring)

@: no status effects
A: high MP 1, forlorn, divine attributes
a: no special abilities


You were on level 3 of the Dungeon.
You visited 1 branch of the dungeon, and saw 3 of its levels.

You collected 181 gold pieces.

Inventory:

Hand Weapons
 c - a +0 short sword (weapon)
Armour
 a - a +1 robe (worn)
Jewellery
 m - an amulet of reflection (around neck)
 u - a +6 ring of strength
 v - an amulet of the acrobat
Scrolls
 f - 2 scrolls of identify
 i - a scroll of amnesia
 k - a scroll of blinking
 l - a scroll of immolation {unknown}
 o - a scroll of fear {unknown}
 q - a scroll of enchant armour
Potions
 b - a potion of magic
 d - 2 potions of lignification
 e - 2 potions of flight
 g - a potion of haste
 h - a potion of cancellation
 j - 2 potions of brilliance
 n - 3 potions of curing {unknown}
 p - a potion of berserk rage {unknown}
 r - a potion of resistance {unknown}
 s - a potion of might {unknown}
 t - a potion of heal wounds {unknown}


   Skills:
 - Level 1.7 Dodging
 - Level 1.7 Stealth
 + Level 2.2 Spellcasting
 * Level 2.3 Conjurations
 * Level 3.5 Fire Magic


You had 3 spell levels left.
You knew the following spells:

 Your Spells              Type           Power      Damage    Failure   Level
a - Foxfire               Conj/Fire      56%        2x1d6     4%          1
b - Scorch                Fire           34%        2d7       4%          2

Your spell library contained the following spells:

 Spells                   Type           Power      Damage    Failure   Level
 Conjure Flame            Conj/Fire      14%        6-21      13%         3
 Apportation              Tloc           4%         N/A       14%         1
 Inner Flame              Hex/Fire       9%         N/A       21%         3
 Ozocubu's Armour         Ice            2%         N/A       41%         3
 Flame Wave               Conj/Fire      14%        2d6       38%         4
 Cause Fear               Hex            1%         N/A       82%         4
 Alistair's Intoxication  Tmut/Pois      1%         N/A       99%         5
 Ozocubu's Refrigeration  Ice            1%         4d5       100%        7
 Discord                  Hex            1%         N/A       100%        8


Dungeon Overview and Level Annotations

Branches:
Dungeon (3/15)


Innate Abilities, Weirdness & Mutations

You have an increased reservoir of magic. (+10% MP)
You shall have no god before yourself.
Your divine heritage dramatically boosts your attributes as you level up.


Message History

You open the door.
There is an open door here.
Found a scale mail.
You see here a +0 scale mail.
An ogre comes into view. It is wielding a +0 giant spiked club.
Casting: Foxfire (safe; 4% risk of failure)
Confirm with . or Enter, or press ? or * to list all spells.
You conjure some foxfire!
The ogre shouts!
Your foxfire dissipates!
The foxfire hits the ogre.
The ogre is lightly wounded.
Unknown command.
Unknown command.
Casting: Foxfire (safe; 4% risk of failure)
Confirm with . or Enter, or press ? or * to list all spells.
You conjure some foxfire!
The foxfire hits the ogre but does no damage.
The ogre is lightly wounded.
Your foxfire dissipates!
Casting: Foxfire (safe; 4% risk of failure)
Confirm with . or Enter, or press ? or * to list all spells.
You conjure some foxfire!
The foxfire hits the ogre.
The ogre is moderately wounded.
The foxfire hits the ogre but does no damage.
The ogre is moderately wounded.
Casting: Foxfire (safe; 4% risk of failure)
Confirm with . or Enter, or press ? or * to list all spells.
Flames lash the ogre.
The ogre is heavily wounded.
The ogre's fire resistance burns away.
The ogre closely misses you.
Casting: Scorch (safe; 4% risk of failure)
Confirm with . or Enter, or press ? or * to list all spells.
Flames lash the ogre.
The ogre is burned terribly!
The ogre is almost dead.
The ogre hits you with a +0 giant spiked club!
The ogre hits you with a +0 giant spiked club!!
Ouch! That really hurt!
You die...

....# .. ..# ..###
..#. #.# .##
..#.###.# .#
........# .#
#.#..##.# '##
#.##.##.# ..##
#.##.##.# ...##
#.##.##O# ....##
##.[....@#
.....####......###
.....'.........#
.....####......#
....## ##.#.###
...## ###.# ..##
#.# +# #.#


You could see an ogre (combustible).

Vanquished Creatures
  An adder (D:3)
  2 worms
  2 dart slugs (D:1)
  6 orcs (D:3)
  2 bats
  8 endoplasms
  6 giant cockroaches
  4 goblins
  A hobgoblin (D:1)
  2 kobolds (D:1)
  4 quokkas
  3 ball pythons
  2 frilled lizards (D:1)
  3 rats
46 creatures vanquished.

Vanquished Creatures (collateral kills)
  7 foxfires (D:1)
7 creatures vanquished.

Vanquished Creatures (others)
  174 foxfires
  A fungus (D:1)
  2 plants (D:1)
177 creatures vanquished.

Grand Total: 230 creatures vanquished

Notes
Turn   | Place    | Note
-------+----------+-------------------------------------------
     0 | D:1      | kae the Demigod Fire Elementalist began the quest for the
                  | Orb.
     0 | D:1      | Reached XP level 1. HP: 14/14 MP: 5/5
    46 | D:1      | Reached skill level 1 in Conjurations
   429 | D:1      | Reached skill level 3 in Fire Magic
   429 | D:1      | Reached XP level 2. HP: 18/20 MP: 4/7
   432 | D:1      | Learned a level 2 spell: Scorch
  1433 | D:2      | Reached XP level 3. HP: 26/26 MP: 5/8
  2765 | D:3      | Noticed an ogre
  2781 | D:3      | Slain by an ogre

Illustrated notes

Levels and vault maps discovered:
D:1:      lightli_arrival_quake, layout_loops_ring,
          shapermc_ecumenical_altar_mp_urbaneastern, serial_bayou_pond_d
D:2:      layout_rooms, grunt_ministairs_8
D:3:      layout_loops_corners, worldfamousw_hep_ancestral_shrine,
          amcnicky_mini_pool_small

Skill      XL: |  1  2  3 |
---------------+----------+-----
Conjurations   | 1 2 |  2.3
Fire Magic     | 3 |  3.5
Spellcasting   | 2 |  2.2
Dodging        | |  1.7
Stealth        | |  1.7

Action                   || total
-------------------------++-------
Melee: Short sword       ||     3
 Cast: Foxfire           ||   110
       Scorch            ||     6
  Use: Scroll            ||    11
Armor: Robe              ||     3
Dodge: Dodged            ||    14
Block: Other             ||     5

Table legend: (Time is in decaauts)
 A = Elapsed time spent in this place.
 B = Non-inter-level travel time spent in this place.
 C = Inter-level travel time spent in this place.
 D = Time resting spent in this place.
 E = Time spent auto-exploring this place.
 F = Levels seen in this place.
 G = Mean time per level.
                   A        B        C        D        E       F      G
               +--------+--------+--------+--------+--------+-----+--------+
         Total |   2780 |   2716 |     64 |     39 |   2262 |   3 |  926.7 |
       Dungeon |   2780 |   2716 |     64 |     39 |   2262 |   3 |  926.7 |
               +--------+--------+--------+--------+--------+-----+--------+

Top non-repeatable levels by time:
     D:1: 1206 daAuts
     D:3: 931 daAuts
     D:2: 641 daAuts
